Map: Dusk Towers

Players

Basior - Winner!

  • Race: Terran Terran
  • League: Master

yingyang

  • Race: Protoss Protoss
  • League: Grandmaster

Event: DreamHack ZOWIE Open Leipzig

VOD

Have the link to the VOD?

Description

Time

  • Played on: Jan. 22, 2016, 9:08 a.m.
  • Length: 9:29

All games in this series

Show
View Real Time Build Order
Export as new Build Order

Basior Terran - Winner!

Build Orders: Command Center First (CC), MMM Bio 

Get SALT Encoding   

  12  0:00  SCV  
  13  0:13  SCV  
  14  0:17  Supply Depot  
  14  0:25  SCV  
  15  0:39  SCV  
  16  0:51  SCV  
  17  0:59  Command Center  
  17  1:04  SCV  
  18  1:14  Barracks  
  18  1:17  SCV  
  19  1:31  SCV  
  20  1:33  Barracks  
  20  1:36  Refinery  
  20  1:43  SCV  
  21  1:51  Barracks  
  21  2:00  Marine  
  22  2:05  Bunker  
  22  2:12  Orbital Command  
  22  2:18  Marine  
  23  2:24  Supply Depot  
  23  2:25  Marine  
  24  2:36  Marine  
  25  2:37  SCV  
  25  2:39  Marine  
  25  2:43  Marine  
  28  2:54  SCV, Marine  
  28  2:55  Bunker  
  28  2:57  Marine  
  31  3:02  Marine  
  31  3:07  SCV, Orbital Command  
  31  3:10  Refinery  
  31  3:11  Refinery  
  31  3:20  SCV  
  31  3:23  Marine  
  31  3:24  Marine x2  
  32  3:31  Engineering Bay  
  32  3:32  SCV x2  
  34  3:44  SCV, Marine  
  34  3:45  SCV  
  34  3:46  Barracks Tech Lab  
  38  3:51  Barracks Reactor, Supply Depot  
  37  3:56  SCV  
  37  3:58  SCV  
  37  4:00  Missile Turret  
  37  4:02  Marine  
  39  4:06  Marauder  
  39  4:08  SCV  
  43  4:10  SCV  
  43  4:13  Stimpack  
  44  4:17  Supply Depot  
  44  4:20  SCV, Marine  
  44  4:22  SCV  
  47  4:27  Marine, Marauder  
  47  4:28  Marine  
  51  4:32  SCV  
  51  4:36  Factory  
  51  4:37  SCV  
  53  4:40  Refinery  
  53  4:42  Marine  
  54  4:45  SCV, Marine  
  54  4:46  Marine  
  54  4:49  SCV  
  54  4:52  Supply Depot  
  58  4:53  Marauder  
  58  4:58  SCV  
  61  5:00  Terran Infantry Weapons Level 1  
  61  5:02  SCV, Refinery  
  61  5:04  Barracks Tech Lab  
  62  5:10  SCV  
  62  5:14  Marauder, Marine x2  
  64  5:15  Supply Depot  
  64  5:17  SCV  
  67  5:23  SCV, Starport  
  68  5:28  Supply Depot  
  68  5:29  SCV  
  68  5:34  Marine  
  70  5:36  Marine  
  70  5:37  Marauder  
  70  5:38  SCV  
  70  5:42  Factory Reactor, Marauder  
  76  5:45  SCV  
  76  5:47  Supply Depot  
  77  5:50  SCV  
  77  5:52  Supply Depot  
  77  5:53  Combat Shields  
  79  5:59  Starport Reactor  
  79  6:01  SCV  
  79  6:03  SCV  
  80  6:14  Marauder, Marine x2  
  80  6:16  Marine  
  84  6:19  Command Center, Widow Mine x2  
  88  6:26  SCV  
  88  6:27  SCV, Missile Turret  
  88  6:32  Marine x2  
  92  6:34  Marauder  
  92  6:36  Medivac x2  
  98  6:41  SCV  
  98  6:42  Supply Depot  
  98  6:43  Supply Depot  
  98  6:46  SCV  
  100  6:50  Liberator, Widow Mine  
  100  6:52  Liberator  
  102  6:56  Widow Mine  
  102  6:57  Marine  
  102  6:58  Marine x3  
  108  7:03  Ghost Academy  
  108  7:04  Missile Turret  
  113  7:18  SCV  
  113  7:21  Marauder x2, Marine x2  
  120  7:23  SCV  
  120  7:26  Terran Infantry Armor Level 1  
  121  7:32  Orbital Command  
  121  7:33  Liberator  
  121  7:35  SCV x2, Liberator  
  123  7:38  Marine  
  124  7:47  Widow Mine x2  
  129  7:52  Ghost  
  134  8:03  Marine x3  
  134  8:05  Missile Turret  
  137  8:08  Supply Depot  
  137  8:10  Supply Depot  
  137  8:17  SCV x2  
  137  8:18  SCV, Barracks x2, Liberator  
  140  8:20  Liberator  
  140  8:22  Marine  
  141  8:29  Ghost, Marine x2  
  141  8:31  Refinery x2  
  141  8:32  SCV  
  141  8:33  SCV  
  147  8:34  SCV  
  147  8:35  Supply Depot  
  154  8:46  Supply Depot  
  136  9:07  Marauder x2, Marine x2  
  125  9:23  Barracks Reactor, Barracks Tech Lab  
Show
View Real Time Build Order
Export as new Build Order

yingyang Protoss 

Build Orders:  

Get SALT Encoding   

  12  0:01  Probe (Chrono Boost)  
  13  0:11  Probe (Chrono Boost)  
  14  0:17  Pylon  
  14  0:22  Probe (Chrono Boost)  
  15  0:35  Probe (Chrono Boost)  
  16  0:38  Gateway  
  16  0:46  Probe (Chrono Boost)  
  16  0:48  Assimilator  
  17  0:57  Probe (Chrono Boost), Pylon  
  18  1:08  Probe (Chrono Boost)  
  19  1:15  Gateway  
  19  1:18  Probe (Chrono Boost)  
  20  1:26  Cybernetics Core  
  20  1:29  Probe (Chrono Boost)  
  21  1:47  Probe (Chrono Boost)  
  21  1:48  Pylon  
  23  2:02  Mothership Core (Chrono Boost)  
  23  2:04  Adept (Chrono Boost)  
  26  2:15  Adept (Chrono Boost)  
  28  2:21  Probe  
  31  2:30  Adept (Chrono Boost)  
  31  2:37  Probe  
  34  2:44  Pylon  
  34  2:47  Adept (Chrono Boost)  
  34  2:53  Adept (Chrono Boost)  
  35  2:59  Nexus  
  35  3:05  Probe  
  36  3:08  Pylon  
  36  3:15  Assimilator  
  36  3:17  Probe  
  33  3:29  Probe (Chrono Boost)  
  33  3:31  Warp Gate  
  34  3:40  Probe (Chrono Boost)  
  35  3:49  Adept  
  35  3:50  Probe (Chrono Boost)  
  38  4:01  Probe (Chrono Boost), Nexus  
  39  4:12  Probe (Chrono Boost)  
  39  4:13  Probe (Chrono Boost)  
  39  4:15  Twilight Council  
  41  4:22  Probe (Chrono Boost)  
  41  4:24  Probe (Chrono Boost)  
  43  4:33  Probe (Chrono Boost)  
  43  4:34  Probe (Chrono Boost)  
  45  4:42  Robotics Facility  
  45  4:43  Probe (Chrono Boost)  
  45  4:45  Probe (Chrono Boost)  
  47  4:51  Blink (Chrono Boost)  
  47  4:54  Probe (Chrono Boost)  
  47  4:55  Probe (Chrono Boost)  
  47  4:56  Assimilator  
  47  4:58  Assimilator  
  49  5:04  Probe x2  
  51  5:12  Probe  
  52  5:15  Probe  
  52  5:16  Probe  
  54  5:23  Probe  
  54  5:25  Pylon  
  55  5:28  Gateway, Probe  
  55  5:29  Gateway  
  55  5:30  Observer (Chrono Boost)  
  55  5:33  Probe  
  55  5:34  Probe  
  59  5:40  Probe  
  59  5:41  Pylon  
  60  5:44  Probe  
  60  5:46  Probe  
  62  5:50  Stalker x2  
  62  5:53  Probe  
  62  5:55  Probe  
  68  5:57  Observer (Chrono Boost)  
  68  5:58  Probe  
  68  6:03  Gateway  
  70  6:05  Probe  
  70  6:06  Probe  
  70  6:07  Pylon  
  70  6:10  Probe  
  73  6:14  Adept x2  
  73  6:16  Probe  
  73  6:18  Probe  
  79  6:20  Gateway  
  79  6:22  Pylon  
  79  6:27  Probe, Robotics Bay  
  79  6:30  Adept  
  79  6:31  Probe  
  83  6:34  Probe  
  83  6:35  Resonating Glaives  
  83  6:39  Probe  
  85  6:44  Adept x3  
  91  6:48  Observer (Chrono Boost)  
  92  6:55  Adept  
  92  6:57  Probe  
  92  6:58  Probe x2  
  97  7:01  Adept  
  97  7:02  Forge  
  99  7:08  Stalker  
  99  7:09  Stalker x2  
  99  7:12  Assimilator  
  105  7:20  Stalker, Pylon  
  105  7:21  Stalker  
  105  7:22  Pylon  
  109  7:23  Assimilator  
  109  7:26  Pylon  
  109  7:29  Pylon  
  109  7:31  Pylon  
  109  7:34  Protoss Ground Weapons Level 1 (Chrono Boost)  
  109  7:40  Disruptor (Chrono Boost), Forge  
  112  7:48  Stalker, Pylon  
  112  7:49  Stalker x2, Adept x2  
  122  7:54  Pylon  
  122  8:03  Pylon  
  122  8:05  Pylon  
  122  8:12  Disruptor (Chrono Boost)  
  125  8:15  Gateway x2  
  125  8:17  Gateway  
  125  8:18  Stargate  
  125  8:21  Stalker x2  
  125  8:25  Pylon  
  129  8:36  Stalker x3  
  135  8:42  Pylon  
  138  8:55  Disruptor (Chrono Boost)  
  138  8:58  Adept x2  
  135  9:11  Adept  
  135  9:12  Adept x2  
  106  9:19  Adept x4  
  106  9:23  Adept  

Tags
 
Add a new tag
Caveats
  • Supply blocks, unpowered buildings, or Contaminate may cause inaccurate times.
  • Supply counts are checked every 10 seconds.